AoeStats
← Silkor

Nomad

503129791Analyzed
3v3 RM · 1mo ago on Aug 30, 2026· 41m 32s· 6 players
Game mode
Random Map
Map size
210×210
Population
200
Speed
Normal
Resources
Standard
Victory
Conquest
Starting age
Dark Age
Ending age
Imperial Age
RankedLock teamsTeams togetherTeam positionsShared explorationLock speedFull tech treeHidden civsTurbo modeCheats
Victory
Defeat
🇪🇸 Japanese · Spain
847
+19
🇩🇪 Britons · Germany
805
+21
🇭🇺 Dravidians · Hungary
799
+21
🇨🇳 Huns · China
927
-21
🇹🇷 Sicilians · Türkiye
924
-21
🇫🇷 Teutons · France
909
-20
Azure ~
6:02 Loom
17:03 Feudal Age
17:56 Double-Bit Axe
19:38 Stone Mining
19:38 Gold Mining
25:05 Castle Age
23:44 Wheelbarrow
23:58 Forging
23:49 Scale Mail Armor
23:45 Arson
24:24 Fletching
24:03 Man-at-Arms
25:28 Pikeman
25:56 Gambesons
26:11 Squires
25:35 Long Swordsman
27:27 Gold Mining
28:49 Chain Mail Armor
29:19 Pikeman
31:22 Hand Cart
33:31 Iron Casting
35:00 Bodkin Arrow
christopher19931
15:02 Feudal Age
20:18 Castle Age
19:14 Stone Mining
19:11 Double-Bit Axe
20:35 Gold Mining
27:31 Wheelbarrow
27:35 Gold Shaft Mining
30:47 Hand Cart
35:26 Imperial Age
33:41 Yeomen
33:15 Fletching
33:26 Padded Archer Armor
33:18 Horse Collar
34:19 Forging
41:04 Iron Casting
41:17 Elite Longbowman
43:03 Chemistry
42:23 Ballistics
42:01 Bodkin Arrow
juhamate7
6:04 Loom
14:11 Feudal Age
19:18 Castle Age
23:05 Crossbowman
23:50 Thumb Ring
24:08 Fletching
24:18 Padded Archer Armor
28:01 Double-Bit Axe
28:44 Horse Collar
31:08 Bodkin Arrow
31:14 Padded Archer Armor
32:17 Ballistics
32:57 Bow Saw
34:31 Wheelbarrow
37:34 Leather Archer Armor
38:28 Gold Mining
38:29 Stone Mining
39:05 Heavy Plow
Silkor
17:56 Feudal Age
22:00 Castle Age
19:55 Double-Bit Axe
20:23 Horse Collar
22:57 Wheelbarrow
29:11 Hand Cart
29:42 Scale Barding Armor
34:21 Imperial Age
Hayallerde
5:50 Loom
17:02 Feudal Age
17:44 Town Watch
26:52 Castle Age
26:02 Double-Bit Axe
26:55 Pikeman
刚被警方控制
16:20 Feudal Age
17:14 Loom
20:18 Castle Age
18:36 Double-Bit Axe
22:36 Wheelbarrow
22:51 Bow Saw
25:35 Horse Collar
29:32 Hand Cart
32:09 Bloodlines
32:31 Gold Mining
33:24 Elite Skirmisher
37:33 Husbandry
43:05 Imperial Age
40:56 Marauders
41:27 Scale Barding Armor
41:33 Forging
Connection lost

Rejoining the realm…

Still unreachable

The connection could not be restored.

Session expired

The server has moved on; the page needs a fresh start.